 Dungeon Crawl Stone Soup version 0.31-a0-1-g4198be8af4 (webtiles) character file.

Game seed: 10624755220475283507

26 jasper the Gusty (level 2, 0/19 HPs)
             Began as a Demonspawn Air Elementalist on May 1, 2023.
             Succumbed to an adder's poison
             ... on level 2 of the Dungeon.
             The game lasted 00:01:22 (1344 turns).

jasper the Gusty (Demonspawn Air Elementalist)      Turns: 1344, Time: 00:01:22

Health: 0/19       AC:  2    Str:  8    XL:     2   Next: 89%
Magic:  4/5        EV: 12    Int: 16    God:
Gold:   65         SH:  0    Dex: 13    Spells: 2/5 levels left

rFire   . . .        d - +0 short sword
rCold   . . .        (no shield)
rNeg    . . .        a - +0 robe
rPois   .            (no helmet)
rElec   .            (no cloak)
rCorr   .            (no gloves)
SInv    .            (no boots)
Will    .....        (no amulet)
Stlth   ++           (no ring)
HPRegen 0.23/turn    (no ring)
MPRegen 0.09/turn

%: no passive effects
@: lethally poisoned (0 -> -7), attractive
A: powered by death 1
a: no special abilities


You were on level 2 of the Dungeon.
You visited 1 branch of the dungeon, and saw 2 of its levels.

You collected 65 gold pieces.

Inventory:

Hand Weapons
 c - a +0 dagger
 d - a +0 short sword (weapon)
Armour
 a - a +0 robe (worn)
Scrolls
 e - a scroll of magic mapping {unknown}
Potions
 f - a potion of flight
 g - a potion of lignification {unknown}
 h - a potion of attraction
 j - a potion of mutation {unknown}


   Skills:
 - Level 1.7 Dodging
 - Level 1.7 Stealth
 - Level 2.0 Spellcasting
 + Level 2.1 Conjurations
 + Level 3.2 Air Magic


You had 2 spell levels left.
You knew the following spells:

 Your Spells              Type           Power      Damage    Failure   Level
a - Shock                 Conj/Air       40%        1d5       7%          1
b - Static Discharge      Conj/Air       20%        2-3/arc   11%         2

Your spell library contained the following spells:

 Spells                   Type           Power      Damage    Failure   Level
 Swiftness                Air            12%        N/A       16%         3
 Airstrike                Air            6%         2d(1-17)  47%         4


Dungeon Overview and Level Annotations

Branches:
Dungeon (2/15)

Altars:


Innate Abilities, Weirdness & Mutations

You regenerate a little health from kills.


Message History

The adder is severely wounded.
The zap hits the adder.
The adder is almost dead.
The adder bites you.
You are poisoned.
The adder poisons you! The adder bites you.
You take 2 damage, and have 16/19 hp.
You now have 0/5 mp.
You hit the adder but do no damage. You punch the adder, but do no damage.
The adder is almost dead.
You feel sick. The adder bites you.
You are more poisoned.
The adder poisons you!
You take 4 damage, and have 12/19 hp.
MASSIVE DAMAGE!!
You closely miss the adder.
The adder is almost dead.
You feel very sick. The adder bites you.
You are more poisoned.
The adder poisons you!
Your magical contamination has completely faded away.
You take 6 damage, and have 6/19 hp.
MASSIVE DAMAGE!!
Magic courses through your body.
* * * LOW HITPOINT WARNING * * *
You feel very sick. The adder barely misses you.
You take 3 damage, and have 3/19 hp.
MP restored: 5
Casting: Shock (safe; 8% risk of failure)
Confirm with . or Enter, or press ? or * to list all spells.
Aiming: Shock (safe; 8% risk of failure)
Press: ? - help, Shift-Dir - straight line The zap hits the adder.
You kill the adder!
* * * LOW HITPOINT WARNING * * *
You feel sick.
Your Conjurations skill increases to level 2!
You take 1 damage, and have 2/19 hp.
You now have 4/5 mp.
It was a potion of attraction.
You feel attractive to monsters.
You die...

#... #.. #.#
###############.###
#>......<..........
########.######.#.##....##
.........@...........#)..#
########..................
#.##.....#.#.##.#.#
#.##.#####.#.##.#.# #.##.#
#.#.##.#.. #.##.#
#.#.##.##. #.##.#
#.#....##. ..##.#
#.######## ####.# #.# ###


There were no monsters in sight!

Vanquished Creatures
  An adder (D:2)
  3 bats (D:1)
  A giant cockroach (D:1)
  A goblin (D:1)
  A hobgoblin (D:1)
  6 kobolds
  2 ball pythons (D:1)
  A frilled lizard (D:1)
  3 rats (D:1)
19 creatures vanquished.

Notes
Turn   | Place    | Note
-------+----------+-------------------------------------------
     0 | D:1      | jasper the Demonspawn Air Elementalist began the quest for
                  | the Orb.
     0 | D:1      | Reached XP level 1. HP: 13/13 MP: 3/3
   434 | D:1      | Reached skill level 3 in Air Magic
   453 | D:1      | Gained mutation: You regenerate a little health from kills.
                  | [demonic ancestry]
   453 | D:1      | Reached XP level 2. HP: 19/19 MP: 1/5
   456 | D:1      | Learned a level 2 spell: Static Discharge
  1344 | D:2      | Succumbed to an adder's poison

Illustrated notes

Levels and vault maps discovered:
D:1:      psy_arrival_radial01, layout_basic, st_stairs_13
D:2:      layout_basic, uniq_natasha

Skill      XL: |  1  2 |
---------------+-------+-----
Air Magic      | 3 |  3.2
Conjurations   | 2 |  2.1
Dodging        | |  1.7
Stealth        | |  1.7
Spellcasting   | |  2.0

Action                     || total
---------------------------++-------
  Melee: Dagger            ||     7
         Short sword       ||     2
         Punch             ||     1
   Cast: Shock             ||    34
    Use: Scroll            ||     4
         Potion            ||     2
 Armour: Robe              ||     6
  Dodge: Dodged            ||     7

Table legend: (Time is in decaauts)
 A = Elapsed time spent in this place.
 B = Non-inter-level travel time spent in this place.
 C = Inter-level travel time spent in this place.
 D = Time resting spent in this place.
 E = Time spent auto-exploring this place.
 F = Levels seen in this place.
 G = Mean time per level.
                   A        B        C        D        E       F      G
               +--------+--------+--------+--------+--------+-----+--------+
         Total |   1342 |   1340 |      2 |    100 |   1123 |   2 |  671.0 |
       Dungeon |   1342 |   1340 |      2 |    100 |   1123 |   2 |  671.0 |
               +--------+--------+--------+--------+--------+-----+--------+

Top non-repeatable levels by time:
     D:1: 1238 daAuts
     D:2: 104 daAuts
